 Dungeon Crawl Stone Soup version 0.32-a0-485-g70f7560b1c (webtiles) character file.

Game seed: 11682124093472484681

109205 jasper the Brawler (level 16, -2/156 (171) HPs)
             Began as a Merfolk Shapeshifter on Feb 26, 2024.
             Was a High Priest of Ru.
             Slain by a culicivora (14 damage)
             ... led by a broodmother
             ... on level 2 of the Spider Nest.
             The game lasted 00:41:07 (29798 turns).

jasper the Brawler (Merfolk Shapeshifter)          Turns: 29798, Time: 00:41:07

HP:   -2/156 (171)  AC: 18    Str: 25    XL:     16   Next: 51%
MP:   11/16         EV: 18    Int:  9    God:    Ru [*****.]
Gold: 1110          SH:  5    Dex: 16    Spells: 15/15 levels left

rFire   . .          .
                       - Unarmed
rCold   . . .        (shield unavailable)
rNeg    . . .        k - melded +1 acid dragon scales
rPois   +            (helmet currently unavailable)
rElec   .            (cloak currently unavailable)
rCorr   .            (gloves currently unavailable)
SInv    .            (boots currently unavailable)
Will    +....        q - amulet of reflection
Stlth   +            (ring unavailable)
HPRegen 0.46/turn    V - +4 ring of protection
MPRegen 0.15/turn

%: reflection
@: exhausted, snake-form, drained
A: constrict, boosted hp, large, missing a hand, hated by all, no earth magic,
no hexes magic, no translocations magic, (nimble swimmer 2), (mertail)
a: Begin Untransformation, Renounce Religion, Draw Out Power, Power Leap,
Apocalypse


You were on level 2 of the Spider Nest.
You worshipped Ru.
Ru was extremely pleased with you.
You were an enormous serpent.
You visited 5 branches of the dungeon, and saw 25 of its levels.

You collected 2316 gold pieces.
You spent 1206 gold pieces at shops.

Inventory:

Missiles
 n - 25 boomerangs (quivered)
 o - 17 javelins
 x - 51 poisoned darts
 K - 6 curare-tipped darts
 O - 3 throwing nets
Armour
 k - +1 acid dragon scales (melded)
 m - a +0 pair of gloves
 r - a +0 pair of boots
 A - a +1 cloak
 T - a +0 helmet
Jewellery
 p - a ring of protection from fire
 q - an amulet of reflection (around neck)
 v - a ring of resist corrosion
 w - a ring of see invisible
 V - a +4 ring of protection (right hand)
Talismans
 c - a beast talisman
 d - a flux talisman
 l - a serpent talisman (active)
Wands
 g - a wand of iceblast (1)
 H - a wand of mindburst (14)
 J - a wand of polymorph (12)
 L - a wand of paralysis (30)
 P - a wand of flame (10)
 W - a wand of acid (1)
Scrolls
 b - a scroll of fear
 h - 6 scrolls of fog
 i - 4 scrolls of vulnerability
 t - 2 scrolls of enchant armour
 u - a scroll of revelation
 z - 3 scrolls of poison
 D - 9 scrolls of enchant weapon
 M - 5 scrolls of identify
 Q - 3 scrolls of amnesia
 S - 8 scrolls of teleportation
 U - a scroll of brand weapon
 Y - a scroll of immolation
 Z - 2 scrolls of silence
Potions
 e - 3 potions of brilliance
 f - 4 potions of heal wounds
 j - a potion of invisibility
 s - 2 potions of attraction
 B - 2 potions of mutation
 C - 7 potions of curing
 E - 3 potions of resistance
 F - a potion of haste
 G - 4 potions of lignification
 I - 2 potions of magic
 N - 3 potions of cancellation
 R - 2 potions of enlightenment
 X - a potion of ambrosia
Miscellaneous
 a - a phial of floods (inert)


   Skills:
 + Level 17.8 Fighting
 - Level 15.0 Dodging
 - Level 20.0 Unarmed Combat
 - Level 17.5 Shapeshifting


You had 15 spell levels left.
You didn't know any spells.
Your spell library contained the following spells:

 Spells                   Type           Power      Damage    Failure   Level
 Kiss of Death            Conj/Necr      0%         2d5       38%         1
 Magic Dart               Conj           0%         1d3       38%         1
 Necrotise                Necr           0%         1d4       38%         1
 Sting                    Conj/Alch      0%         1d3       38%         1
 Cigotuvi's Dreadful Rot  Necr/Alch/Air  0%         N/A       52%         2
 Sublimation of Blood     Necr           0%         N/A       52%         2
 Dispel Undead            Necr           0%         3d6       99%         4
 Fulminant Prism          Conj/Alch      0%         3d5       99%         4
 Apportation              Tloc           Unusable   N/A       N/A         1
 Summon Small Mammal      Summ           Unusable   N/A       N/A         1
 Blink                    Tloc           Unusable   N/A       N/A         2
 Call Imp                 Summ           Unusable   N/A       N/A         2
 Lesser Beckoning         Tloc           Unusable   N/A       N/A         2
 Momentum Strike          Conj/Tloc      Unusable   3d8       N/A         2
 Call Canine Familiar     Summ           Unusable   N/A       N/A         3
 Confusing Touch          Hex            Unusable   N/A       N/A         3
 Volatile Blastmotes      Fire/Tloc      Unusable   2d10      N/A         3
 Iskenderun's Mystic Bla  Conj/Tloc      Unusable   2d3       N/A         4
 Manifold Assault         Tloc           Unusable   N/A       N/A         4
 Martyr's Knell           Necr/Summ      Unusable   N/A       N/A         4
 Summon Blazeheart Golem  Fire/Summ      Unusable   N/A       N/A         4
 Death Channel            Necr           Unusable   N/A       N/A         6
 Dispersal                Tloc           Unusable   N/A       N/A         6
 Summon Hydra             Summ           Unusable   N/A       N/A         7
 Disjunction              Tloc           Unusable   N/A       N/A         8

Dungeon Overview and Level Annotations

Branches:
Dungeon (15/15)            Temple (1/1) D:4            Lair (5/5) D:10
 Shoals (0/4) Lair:2       Spider (2/4) Lair:3        Slime (0/5) Lair:5
    Orc (2/2) D:10            Elf (0/3) Orc:2        Vaults (0/5) D:14
 Depths (0/4) D:15

Altars:
Ashenzari
Cheibriados
Dithmenos
Elyvilon
Gozag
Kikubaaqudgha
Makhleb
Nemelex Xobeh
Okawaru
Qazlal
Ru
Sif Muna
Trog
Uskayaw
Vehumet
Wu Jian
Xom
Zin
The Shining One

Shops:
D:1 =   D:6 *   D:13 (   D:14 *   Orc:2 (*(*

Annotations:
Lair:1 1 runed translucent door, gosagan's ghost, novice DgBr
Lair:4 exclusion: oklob plant
Orc:1 exclusion: oklob plant


Innate Abilities, Weirdness & Mutations

You are an enormous serpent.
You have a powerful constriction melee attack.
Your maximum health is increased.
Your armour is entirely melded.
You are incapable of wielding weapons or throwing items.
You are missing a hand.
You are hated by all.
You cannot study or cast Earth magic.
You cannot study or cast Hexes magic.
You cannot study or cast Translocations magic.
((You are very nimble when in or above water. (Stealth+, EV+, Speed+++)))
((Your lower body shifts to a powerful aquatic tail in water.))


Message History

You take 10 damage, and have 29/156 hp.
You crush the wolf spider!!!
The wolf spider is almost dead.
You constrict the wolf spider, but do no damage.
You hear a faint skittering sound.
The culicivora bites you!
* * * LOW HITPOINT WARNING * * *
The culicivora draws strength from your injuries!
You block the wolf spider's attack. The wolf spider bites you.
* * * LOW HITPOINT WARNING * * *
You redirect the jumping spider's attack!
The jumping spider closely misses you. x2
You take 18 damage, and have 11/156 hp.
You body-slam the wolf spider!!
You kill the wolf spider!
You block the culicivora's attack.
The jumping spider pounces on you but does no damage.
The jumping spider completely misses you.
You closely miss the jumping spider. You grab the jumping spider.
You constrict the jumping spider.
You redirect the culicivora's attack!
The culicivora bites itself.
The jumping spider pounces on you but does no damage.
You block the jumping spider's attack.
You barely miss the jumping spider.
The jumping spider is lightly wounded.
You constrict the jumping spider.
The culicivora stops glowing.
The jumping spider begins to attack, but is stunned by your conviction!
A jumping spider comes into view.
The culicivora bites you but does no damage.
You redirect the jumping spider's attack!
The jumping spider pounces on itself but does no damage.
The jumping spider bites itself but does no damage.
You barely miss the jumping spider.
The jumping spider is lightly wounded.
You constrict the jumping spider.
The jumping spider begins to attack, but is stunned by your conviction!
The culicivora bites you!
You die...
Ru respects your ultimate sacrifice.

...........$....
.##...........>..
.......#...........
#.................#
#.......^†......#
#....#....†.....#
..............###
#.....†...†...#
.#.....†Ss....##
..s....s†...###
#..#.^.....## #........##
#### ####
#......s...###..# ##...
............#.#..####...#
..............#....###...
#..................##^...
#...................#....


You could see a culicivora and 3 jumping spiders.

Vanquished Creatures
  Rupert (D:14)
  Jorgrun (D:13)
  Frances (Spider:1)
  A ghost moth (Spider:1)
  2 broodmothers (Spider:2)
  An orc warlord (Orc:1)
  Snorg (D:13)
  2 entropy weavers
  An ettin (Orc:2)
  2 vault guards (D:14)
  3 hydras
  A death knight (D:15)
  Erolcha (D:12)
  4 boulder beetles
  4 two-headed ogres
  A radroach (Spider:2)
  3 tengu warriors (D:14)
  3 centaur warriors (D:14)
  A deep troll earth mage (D:15)
  Sonja (D:13)
  A skyshark (Lair:3)
  6 skeletal warriors
  3 pharaoh ants
  An orb spider (Spider:1)
  An arcanist (D:13)
  A phantasmal warrior (D:15)
  3 steelbarb worms (Spider:1)
  5 orc knights
  A harpy (Lair:2)
  7 ugly things
  2 orc sorcerers (Orc:1)
  7 wolf spiders
  2 deep elf pyromancers
  A moth of wrath (Spider:1)
  4 cyclopes
  5 manticores
  3 kobold blastminers (Orc:2)
  23 elephants
  3 black mambas
  4 water nymphs (D:15)
  2 torpor snails
  14 cane toads
  Maggie (D:7)
  2 gargoyles
  A freezing wraith (D:15)
  A rime drake (shapeshifter) (D:15)
  A yaktaur (D:15)
  A rime drake (Lair:1)
  7 komodo dragons
  An efreet (D:15)
  4 polar bears (Lair:5)
  3 tengu conjurers
  5 trolls
  7 tarantellas
  12 blink frogs
  3 hornets (Lair:5)
  A raiju (shapeshifter) (D:13)
  3 dream sheep
  15 slime creatures
  6 culicivoras
  12 spriggans (Lair:5)
  15 jumping spiders
  A vampire (D:12)
  A shadow (D:8)
  A wraith (D:15)
  A jumping spider (shapeshifter) (D:15)
  A water elemental (D:15)
  6 wyverns
  4 basilisks
  6 humans (D:14)
  A yak (shapeshifter) (D:15)
  47 yaks
  2 wargs (Orc:1)
  30 redbacks
  6 vampire mosquitoes
  2 steam dragons
  An acid dragon (D:14)
  13 water moccasins
  34 orc warriors
  4 ice beasts
  6 black bears
  2 sky beasts
  8 ogres
  5 boggarts (Lair:5)
  22 centaurs
  28 wolves
  3 phantoms
  5 kobold brigands
  19 bullfrogs
  2 gnoll sergeants
  4 scorpions
  9 wights
  6 killer bees (D:9)
  2 electric eels
  7 howler monkeys
  4 hounds
  12 orc priests
  4 bombardier beetles
  2 gnoll boudas
  An iguana (D:7)
  16 orc wizards
  24 gnolls
  9 adders
  A dart slug (D:10)
  A ribbon worm (D:3)
  90 orcs
  4 endoplasms
  5 goblins
  5 hobgoblins
  10 jackals (D:2)
  6 quokkas
  5 ball pythons
  5 bats
  3 frilled lizards
  26 kobolds
  4 rats
761 creatures vanquished.

Vanquished Creatures (others)
  2 vault guards (D:14)
  A manticore (D:12)
  A polar bear (Lair:5)
  A dream sheep (Lair:1)
  2 humans (D:14)
  2 centaurs (Orc:2)
  2 wolves
  2 orc priests
  An orc wizard (D:9)
14 creatures vanquished.

Grand Total: 775 creatures vanquished

Notes
Turn   | Place    | Note
-------+----------+-------------------------------------------
     0 | D:1      | jasper the Merfolk Shapeshifter began the quest for the
                  | Orb.
     0 | D:1      | Reached XP level 1. HP: 15/15 MP: 1/1
   234 | D:1      | Reached XP level 2. HP: 21/21 MP: 2/2
   277 | D:1      | Reached skill level 4 in Unarmed Combat
   283 | D:1      | Found a transporter.
   292 | D:1      | Found Leasarae's Jewellery Boutique.
   350 | D:1      | Found a transporter.
   799 | D:2      | Reached XP level 3. HP: 24/26 MP: 3/3
   998 | D:2      | Reached skill level 5 in Unarmed Combat
  1066 | D:2      | Reached XP level 4. HP: 32/32 MP: 4/4
  1616 | D:3      | Found a broken altar of Ashenzari.
  1679 | D:3      | Reached skill level 6 in Unarmed Combat
  1679 | D:3      | Reached XP level 5. HP: 37/37 MP: 5/5
  2120 | D:3      | Found a shimmering altar of Xom.
  2121 | D:3      | Found a hazy altar of Hepliaklqana.
  2122 | D:3      | Noticed a spectral ugly thing
  2549 | D:4      | Found a bloodstained altar of Trog.
  2798 | D:4      | Found a blossoming altar of Fedhas.
  2887 | D:4      | Noticed an ice beast
  2895 | D:4      | Killed an ice beast
  2896 | D:4      | Reached skill level 7 in Unarmed Combat
  2896 | D:4      | Reached XP level 6. HP: 12/43 MP: 6/6
  3087 | D:4      | Found a staircase to the Ecumenical Temple.
  3389 | Temple   | Entered the Ecumenical Temple
  3418 | D:5      | Entered Level 5 of the Dungeon
  3517 | D:5      | Noticed an ice beast
  3526 | D:5      | Reached skill level 8 in Unarmed Combat
  3527 | D:5      | Killed an ice beast
  3528 | D:5      | Reached XP level 7. HP: 48/48 MP: 7/7
  3703 | D:5      | Reached skill level 9 in Unarmed Combat
  3889 | D:5      | Found a sacrificial altar of Ru.
  4015 | D:5      | Became a worshipper of Ru the Awakened
  4353 | D:5      | Reached skill level 10 in Unarmed Combat
  4353 | D:5      | Reached XP level 8. HP: 54/54 MP: 8/8
  4632 | D:5      | Reached skill level 5 in Dodging
  4782 | D:6      | Found Jumaoter's General Store.
  5242 | D:6      | Found a burning altar of Makhleb.
  5243 | D:6      | Found a glowing silver altar of Zin.
  5243 | D:6      | Noticed an angel
  5250 | D:6      | Noticed a balrug
  5665 | D:6      | Reached XP level 9. HP: 26/59 MP: 9/9
  5791 | D:6      | Reached skill level 10 in Dodging
  6318 | D:7      | Reached skill level 5 in Fighting
  6467 | D:7      | Identified the +5 sling of Resumed Hostilities {flame, Fly
                  | rN+ Will- Int+3}
  6520 | D:7      | Noticed Maggie
  6534 | D:7      | Paralysed by Maggie for 4 turns
  6545 | D:7      | Killed Maggie
  6641 | D:7      | Found an ancient bone altar of Kikubaaqudgha.
  7258 | D:7      | Reached XP level 10. HP: 48/82 MP: 10/10
  7818 | D:8      | Identified the +2 flail of Unuri {vamp, rC+ Str+3}
  7896 | D:8      | Reached skill level 10 in Fighting
  7896 | D:8      | Gained mutation: You are missing a hand. [Ru sacrifice]
  7896 | D:8      | Reached * piety under Ru
  7896 | D:8      | Reached ** piety under Ru
  7896 | D:8      | Reached *** piety under Ru
  8040 | D:8      | Found a glowing golden altar of the Shining One.
  8155 | D:8      | Reached skill level 5 in Shapeshifting
  9186 | D:6      | Bought a phantom mirror for 560 gold pieces
 10052 | D:9      | Noticed a two-headed ogre
 10063 | D:9      | Killed a two-headed ogre
 10064 | D:9      | Reached skill level 10 in Shapeshifting
 10064 | D:9      | Reached XP level 11. HP: 61/90 MP: 11/11
 10072 | D:9      | Found the +6 shillelagh "Devastator" {shatter}
 10076 | D:9      | Noticed a two-headed ogre
 10087 | D:9      | Killed a two-headed ogre
 10765 | D:10     | Entered Level 10 of the Dungeon
 10765 | D:10     | Found a hide-covered altar of Uskayaw.
 10780 | D:10     | Found a staircase to the Orcish Mines.
 10780 | D:10     | Noticed a cyan ugly thing
 10799 | D:9      | Killed a cyan ugly thing
 11100 | D:10     | Found a roughly hewn altar of Beogh.
 11179 | D:10     | Found a basalt altar of Yredelemnul.
 11192 | D:10     | Found a snail-covered altar of Cheibriados.
 11298 | D:10     | You fall into a shaft and drop 2 floors!
 11313 | D:12     | Noticed Erolcha
 11315 | D:12     | Noticed a deep elf pyromancer
 11316 | D:12     | Noticed a manticore
 11333 | D:12     | Noticed a seven-headed hydra
 11334 | D:12     | Noticed a manticore
 11363 | D:12     | Noticed a green ugly thing
 11371 | D:12     | Noticed a two-headed ogre
 11378 | D:12     | Killed a green ugly thing
 11383 | D:12     | Killed a two-headed ogre
 11384 | D:12     | Reached skill level 11 in Unarmed Combat
 11553 | D:11     | Noticed a manticore
 11561 | D:11     | Killed a manticore
 11704 | D:10     | Found a staircase to the Lair.
 11974 | D:10     | Reached skill level 12 in Unarmed Combat
 12006 | D:10     | Found a stormy altar of Qazlal.
 12136 | D:10     | Found an iron altar of Okawaru.
 12136 | D:10     | Found a sparkling altar of Nemelex Xobeh.
 12822 | Lair:1   | Entered Level 1 of the Lair of Beasts
 13094 | Lair:1   | Reached skill level 13 in Unarmed Combat
 13094 | Lair:1   | Reached XP level 12. HP: 55/97 MP: 12/12
 13425 | Lair:1   | Found a runed translucent door.
 13425 | Lair:1   | Found a shimmering altar of Xom.
 13425 | Lair:1   | Noticed gosagan's ghost (novice DgBr)
 13469 | Lair:1   | Reached skill level 14 in Unarmed Combat
 14469 | Lair:2   | Identified a scroll of acquirement
 14469 | Lair:2   | Acquired a manual of Fighting
 14488 | Lair:2   | Gained mutation: You cannot study or cast Earth magic. [Ru
                  | sacrifice]
 14488 | Lair:2   | Gained mutation: You cannot study or cast Hexes magic. [Ru
                  | sacrifice]
 14488 | Lair:2   | Gained mutation: You cannot study or cast Translocations
                  | magic. [Ru sacrifice]
 14488 | Lair:2   | Reached **** piety under Ru
 14549 | Lair:2   | Reached skill level 15 in Unarmed Combat
 14645 | Lair:2   | Found an opulent altar of Gozag.
 14902 | Lair:2   | Found a staircase to the Shoals.
 15515 | Lair:3   | Reached XP level 13. HP: 114/114 MP: 13/13
 15518 | Lair:3   | Reached skill level 15 in Fighting
 15807 | Lair:3   | Found a hole to the Spider Nest.
 16914 | Lair:4   | Gained mutation: You are hated by all. [Ru sacrifice]
 16914 | Lair:4   | Reached ***** piety under Ru
 17501 | Lair:5   | Entered Level 5 of the Lair of Beasts
 17805 | Lair:5   | Found a staircase to the Slime Pits.
 17864 | Lair:5   | Reached skill level 15 in Dodging
 18331 | Lair:5   | Paralysed by a hornet for 3 turns
 18540 | Lair:5   | Reached XP level 14. HP: 116/128 MP: 14/14
 20176 | Orc:1    | Entered Level 1 of the Orcish Mines
 20272 | Orc:1    | Paralysed by an orc sorcerer for 3 turns
 20430 | Orc:1    | Noticed an orc warlord
 20436 | Orc:1    | Reached skill level 15 in Shapeshifting
 20441 | Orc:1    | Killed an orc warlord
 20770 | Orc:2    | Entered Level 2 of the Orcish Mines
 21378 | Orc:2    | Found a staircase to the Elven Halls.
 21828 | Orc:2    | Found Botzitos's Assorted Antiques.
 21828 | Orc:2    | Found Peoz's Antique Weapon Shop.
 21828 | Orc:2    | Found Deveshriw's Assorted Antiques.
 21831 | Orc:2    | Found Zera's Weapon Shoppe.
 21835 | Orc:2    | Bought a potion of curing for 102 gold pieces
 21835 | Orc:2    | Bought a potion of curing for 102 gold pieces
 21835 | Orc:2    | Bought a potion of curing for 102 gold pieces
 21835 | Orc:2    | Bought a potion of heal wounds for 170 gold pieces
 21840 | Orc:2    | Bought a glowing emerald amulet for 170 gold pieces
 23010 | D:12     | Killed Erolcha
 23194 | D:12     | Reached XP level 15. HP: 134/134 MP: 15/15
 23631 | D:13     | Noticed Jorgrun
 23649 | D:13     | Killed Jorgrun
 23872 | D:13     | Found Hufeef's Weapon Shop.
 24096 | D:13     | Noticed Snorg
 24101 | D:13     | Noticed Sonja
 24111 | D:13     | Killed Snorg
 24116 | D:13     | Killed Sonja
 24344 | D:14     | Reached skill level 16 in Unarmed Combat
 24905 | D:14     | Noticed Rupert
 25245 | D:14     | Found Tann's Assorted Antiques.
 25281 | D:14     | Reached skill level 17 in Unarmed Combat
 25571 | D:14     | Paralysed by Rupert for 5 turns
 25605 | D:14     | Killed Rupert
 25845 | D:14     | Identified the +0 kite shield of Free Expression {Dex+3}
 25954 | D:14     | Found a gate to the Vaults.
 26042 | D:14     | Identified the +9 trident "Leviticus" {vamp, Will+ Int+3}
 26093 | D:14     | Found a glowing silver altar of Zin.
 26094 | D:14     | Noticed an angel
 26166 | D:15     | Entered Level 15 of the Dungeon
 26270 | D:15     | Reached skill level 18 in Unarmed Combat
 27017 | D:15     | Found a staircase to the Depths.
 27483 | Spider:1 | Entered Level 1 of the Spider Nest
 27502 | Spider:1 | Reached XP level 16. HP: 54/141 MP: 16/16
 27911 | Spider:1 | Reached skill level 19 in Unarmed Combat
 28852 | Spider:1 | Noticed Frances
 28864 | Spider:1 | Killed Frances
 28988 | Spider:1 | Reached skill level 20 in Unarmed Combat
 29798 | Spider:2 | Slain by a culicivora

Illustrated notes

Levels and vault maps discovered:
D:1:      erik_arrival_orb_chamber, layout_loops_ring, serial_shops,
          nicolae_shop_drivethru
D:2:      layout_loops_ring, hangedman_decor_riveting
D:3:      layout_loops_corners, regret_index_temple_of_mockery,
          nicolae_ashenzari_panopticon
D:4:      layout_basic, lemuel_doored_altar, mainiacjoe_overflow_24_doors,
          minmay_temple_entry_nine_rooms
D:5:      layout_loops_corners, mainiacjoe_overflow_chevrons, serial_rivers,
          chequers_serial_rivers_marsh, chequers_serial_rivers_micro_c,
          chequers_serial_rivers_room_a, chequers_serial_rivers_small_a,
          chequers_serial_rivers_micro_c, chequers_serial_rivers_large_b,
          dreamdust_mushroom_princess, chequers_mini_garden, minmay_starry_boxes
D:6:      layout_basic, grunt_temple_overflow_order_and_chaos_2, serial_shops,
          shop, mainiacjoe_ossuary_entry_dusty_tomb
D:7:      nicolae_cairo_tiling_very_big, layout_cave_pods,
          amcnicky_altar_gilded, minmay_misc_feat_square, uniq_maggie
D:8:      layout_layer_cave, mainiacjoe_overflow_concentric_impassable,
          enter_bailey_7
D:9:      layout_loops_corners, dilly_guarded_unrand_devastator
D:10:     layout_small_grid, kennysheep_slug_shrine, overflow_temple_1_default,
          grunt_qazlal_clouds, gammafunk_temple_overflow_elements,
          mainiacjoe_overflow_catwalk, erik_lair_orcish_takeover,
          minmay_orc_entry_temple_small
D:11:     layout_roguey [special_room_orc]
D:12:     layout_cave_pools, minivault_20, uniq_erolcha
D:13:     layout_gridville, serial_shops, kennysheep_mini, uniq_sonja,
          uniq_jorgrun, uniq_snorg
D:14:     layout_cave_pools, ximxim_vaults_locker_room, serial_shops,
          nicolae_shop_tiny_glass, zin_angel, uniq_rupert
D:15:     hellmonk_depths_entry_around_the_bend, layout_basic,
          wad_floor_pattern_2, drop_trap, nicolae_splish_splash
Temple:   nicolae_temple_two_arcs
Lair:1:   layout_hall_layers, ebering_ghost_xom, portal_ice_cave_entry_pillars_1
Lair:2:   layout_cave_pods, mainiacjoe_shoals_entry_four_pools,
          chequers_serial_rivers_small_a, lemuel_centaur_altar
Lair:3:   layout_regular_city, nicolae_spider_entry_lesser_pyramids,
          gauntlet_entry_generic, beast_lair_carwin_9
Lair:4:   layout_hall_layers, serial_bayou, serial_bayou_pond_a,
          serial_bayou_shore_b, serial_bayou_shore_b, serial_bayou_shore_b,
          tgw_fedhas
Lair:5:   minmay_lair_end_enchanted_forest, layout_cave_pods, slime_entry_1,
          chequers_serial_rivers_large_a
Spider:1: layout_spider_delve, hangedman_spider_mandibles, uniq_frances
Spider:2: layout_spider_delve
Orc:1:    layout_caves, mines3_lemuel
Orc:2:    st_orc_rangers, layout_caves

Skill      XL: |  1  2  3  4  5  6  7  8  9 10 11 12 13 14 15 16 |
---------------+-------------------------------------------------+-----
Unarmed Combat | 4 5 6 7 8 10 13 15 18 20 | 20.0
Dodging        | 4 9 10 15 | 15.0
Fighting       | 8 10 14 17 | 17.8
Shapeshifting  | 10 12 17 | 17.5

Action                     |  1- 3 |  4- 6 |  7- 9 | 10-12 | 13-15 | 16-18 || total
---------------------------+-------+-------+-------+-------+-------+-------++-------
  Melee: Unarmed           |    71 |   126 |   269 |   556 |  1016 |   201 ||  2239
         Punch             |       |     7 |    21 |     1 |       |       ||    29
         Constrict         |       |       |       |    77 |   194 |    35 ||   306
  Throw: Stone             |       |     1 |       |       |       |       ||     1
         Boomerang         |       |       |     4 |       |       |       ||     4
 Invoke: Reject Sacrifices |       |       |     1 |     1 |     2 |       ||     4
         Draw Out Power    |       |       |       |     1 |     1 |       ||     2
         Sacrifice a Hand  |       |       |       |     1 |       |       ||     1
         Sacrifice Arcana  |       |       |       |     1 |       |       ||     1
         Sacrifice Love    |       |       |       |       |     1 |       ||     1
         Power Leap        |       |       |       |       |     1 |       ||     1
         Apocalypse        |       |       |       |       |       |     1 ||     1
  Evoke: Wand              |       |       |    12 |       |     8 |       ||    20
         Phantom mirror    |       |       |       |     1 |       |       ||     1
         Phial of floods   |       |       |       |       |     2 |       ||     2
    Use: Scroll            |     3 |     5 |     6 |    13 |     5 |       ||    32
         Potion            |       |     1 |     4 |     3 |     6 |     4 ||    18
   Stab: Sleeping          |     1 |       |       |       |       |     1 ||     2
         Invisible         |       |       |     1 |     3 |     7 |     1 ||    12
         Distracted        |       |       |       |     2 |     5 |     1 ||     8
         Petrified         |       |       |       |       |     2 |       ||     2
         Paralysed         |       |       |       |       |     3 |     2 ||     5
 Armour: Animal skin       |     5 |       |       |       |       |       ||     5
         Ring mail         |    35 |    47 |    57 |       |       |       ||   139
         Skin              |       |     2 |       |   204 |   562 |   169 ||   937
         Acid dragon scale |       |       |    35 |    73 |       |       ||   108
  Dodge: Dodged            |    41 |    46 |   202 |   350 |   564 |   158 ||  1361
  Block: Other             |     1 |    31 |    51 |    96 |   173 |    33 ||   385
         Reflection        |       |     1 |     4 |     8 |    10 |       ||    23
   Form: Serpent           |       |       |       |     1 |       |       ||     1

Table legend: (Time is in decaauts)
 A = Elapsed time spent in this place.
 B = Non-inter-level travel time spent in this place.
 C = Inter-level travel time spent in this place.
 D = Time resting spent in this place.
 E = Time spent auto-exploring this place.
 F = Levels seen in this place.
 G = Mean time per level.
                   A        B        C        D        E       F      G
               +--------+--------+--------+--------+--------+-----+--------+
         Total |  29211 |  27213 |   1998 |   3463 |  18966 |  25 | 1168.4 |
       Dungeon |  17918 |  16475 |   1443 |   1274 |  12430 |  15 | 1194.5 |
        Temple |      1 |      1 |      0 |      0 |      0 |   1 |    1.0 |
          Lair |   7057 |   6663 |    394 |   1327 |   4092 |   5 | 1411.4 |
   Spider Nest |   2241 |   2232 |      9 |    798 |   1100 |   2 | 1120.5 |
  Orcish Mines |   1992 |   1842 |    150 |     63 |   1344 |   2 |  996.0 |
               +--------+--------+--------+--------+--------+-----+--------+

Top non-repeatable levels by time:
Spider:1: 1989 daAuts
  Lair:5: 1936 daAuts
     D:8: 1779 daAuts
     D:9: 1732 daAuts
     D:7: 1547 daAuts
     D:6: 1476 daAuts
    D:14: 1475 daAuts
  Lair:4: 1431 daAuts
  Lair:2: 1281 daAuts
  Lair:3: 1255 daAuts
   Orc:2: 1239 daAuts
    D:10: 1200 daAuts
     D:5: 1193 daAuts
    D:13: 1179 daAuts
  Lair:1: 1151 daAuts
